 Seeded DCSS version 0.29-a0-275-g389c0b56f3 (webtiles) character file.

Game seed: 17446261408796097077 (custom seed)

20 ImHallYall the Skirmisher (level 2, -4/24 HPs)
             Began as a Vampire Abyssal Knight on Mar 11, 2022.
             Was a Believer of Lugonu.
             Killed from afar by Sigmund (10 damage)
             ... with a puff of flame
             ... on level 2 of the Dungeon on Mar 14, 2022.
             The game lasted 00:06:27 (444 turns).

ImHallYall the Skirmisher (Vampire Abyssal Knight)   Turns: 444, Time: 00:06:28

Health: -4/24      AC:  2    Str: 12    XL:     2   Next: 58%
Magic:  3/3        EV: 12    Int: 12    God:    Lugonu [**....]
Gold:   0          SH:  0    Dex: 14    Spells: 1/1 levels left

rFire   . . .      SeeInvis +   a - +2 short sword
rCold   . . .      Faith    .   (no shield)
rNeg    . . .      Spirit   .   d - +0 robe
rPois   .          Reflect  .   (no helmet)
rElec   .          Harm     .   (no cloak)
rCorr   .          Rampage  .   (no gloves)
Will    .....                   (no boots)
Stlth   +.........              (no amulet)
HPRegen 0.28/turn               (no ring)
MPRegen 0.08/turn               (no ring)

@: healing quickly
A: alive, fangs 3, see invisible, vampiric 1
a: Exsanguinate, Renounce Religion, Depart the Abyss, Bend Space


You were on level 2 of the Dungeon.
You worshipped Lugonu.
Lugonu was pleased with you.
You visited 1 branch of the dungeon, and saw 2 of its levels.
You visited the Abyss 1 time.

Inventory:

Hand Weapons
 a - a +2 short sword (weapon)
Armour
 b - a +0 leather armour
 d - a +0 robe (worn)
Scrolls
 c - a scroll of magic mapping {unknown}


   Skills:
 + Level 3.3 Fighting
 + Level 2.4 Short Blades
 + Level 0.9 Armour
 + Level 2.2 Dodging
 + Level 1.6 Invocations


You had one spell level left.
You didn't know any spells.
Your spell library was empty.

Dungeon Overview and Level Annotations

Branches:
Dungeon (2/15)

Altars:

Annotations:
D:2 Sigmund


Innate Abilities, Weirdness & Mutations

Your natural rate of healing is accelerated.
You have razor-sharp teeth.
You have supernaturally acute eyesight. (SInv)
You are afflicted with vampirism.


Message History

You hit the adder.
The adder is heavily wounded.
The adder bites you.
You barely miss the adder. Your bite misses the adder.
The adder is heavily wounded.
The adder bites you.
You hit the adder.
The adder is severely wounded.
The adder closely misses you. The adder barely misses you.
You hit the adder. Your bite misses the adder.
The adder is almost dead.
The adder bites you.
You hit the adder.
You kill the adder!
Lugonu accepts your kill.
You start resting.
HP restored.
Found a runed lapis lazuli amulet.
An endoplasm comes into view.
The endoplasm quivers.
A rat comes into view.
A dart slug comes into view.
The dart slug launches a dart at you. The slug dart hits you.
An endoplasm comes into view.
The endoplasm quivers.
Sigmund the Dreaded comes into view.
He is wielding a +0 scythe.
Sigmund shouts!
You hear an angry hiss.
An adder comes into view.
Sigmund drinks a potion.
Sigmund seems to speed up.
Sigmund gestures at you while chanting. The puff of flame hits you!
Ouch! That really hurt!
* * * LOW HITPOINT WARNING * * *
The rat attacks as you move away! The rat bites you but does no damage.
You hit the dart slug.
The dart slug is heavily wounded.
Sigmund casts a spell at you. The puff of flame hits you!
You die...

#..#.....# #..# .
#........########..#
.#..................#
...........#########†#
..##.J.....# #.#
.......J...#########.#
.................S<..#
.......r...###########
....."w@...@S...
....#......##...
....#......# .. ...
######## .


You could see Sigmund (fast), an adder, a dart slug, 2 endoplasms and a rat.

Vanquished Creatures
  An adder (D:2)
  A ball python (D:1)
  An endoplasm (D:1)
  2 giant cockroaches (D:1)
  A hobgoblin (D:1)
  2 frilled lizards (D:1)
  A rat (D:1)
9 creatures vanquished.

Vanquished Creatures (collateral kills)
  A hobgoblin (D:1)
1 creature vanquished.

Grand Total: 10 creatures vanquished

Notes
Turn   | Place    | Note
-------+----------+-------------------------------------------
     0 | Abyss:1  | ImHallYall the Vampire Abyssal Knight began the quest for
                  | the Orb.
     0 | Abyss:1  | Reached XP level 1. HP: 17/17 MP: 2/2
    86 | Abyss:2  | Noticed a raiju
    86 | Abyss:2  | Noticed a raiju
    86 | Abyss:2  | Noticed a smoke demon
    86 | Abyss:2  | Noticed a raiju
    86 | Abyss:2  | Noticed a raiju
    87 | D:1      | Escaped the Abyss
   150 | D:1      | Reached ** piety under Lugonu
   175 | D:1      | Reached skill level 3 in Fighting
   232 | D:1      | Reached XP level 2. HP: 22/24 MP: 3/3
   439 | D:2      | Noticed Sigmund
   444 | D:2      | Killed from afar by Sigmund

Illustrated notes

Levels and vault maps discovered:
D:1:      dpeg_arrival_erosion, layout_basic, kennysheep_pointless_box,
          nrook_mini_vaults
D:2:      layout_basic, hellmonk_ecumenical_altar_heavens_door, basic_altar,
          uniq_sigmund

Skill      XL: |  1 |
---------------+----+-----
Fighting       | 3 |  3.3
Short Blades   | |  2.4
Armour         | |  0.9
Dodging        | |  2.2
Invocations    | |  1.6

Action                   || total
-------------------------++-------
Melee: Short sword       ||    31
       Bite              ||     4
Invok: Depart the Abyss  ||     1
  Use: Scroll            ||     2
Armor: Leather armour    ||     2
       Robe              ||     1
Dodge: Dodged            ||    15

Table legend: (Time is in decaauts)
 A = Elapsed time spent in this place.
 B = Non-inter-level travel time spent in this place.
 C = Inter-level travel time spent in this place.
 D = Time resting spent in this place.
 E = Time spent auto-exploring this place.
 F = Levels seen in this place.
 G = Mean time per level.
                   A        B        C        D        E       F      G
               +--------+--------+--------+--------+--------+-----+--------+
         Total |    445 |    445 |      0 |     57 |     68 |   4 |  111.2 |
       Dungeon |    356 |    356 |      0 |     57 |     29 |   2 |  178.0 |
         Abyss |     89 |     89 |      0 |      0 |     39 |   2 |   44.5 |
               +--------+--------+--------+--------+--------+-----+--------+

Top non-repeatable levels by time:
     D:1: 276 daAuts
     D:2: 79 daAuts
 Abyss:1: 52 daAuts
 Abyss:2: 37 daAuts
